 Dungeon Crawl Stone Soup version 0.28.0-53-g5a82cb258f (webtiles) character file.

Game seed: 2442924547372418517

413 moldycheese5 the Skirmisher (level 6, -13/49 HPs)
             Began as a Demonspawn Abyssal Knight on June 17, 2022.
             Was a Believer of Lugonu.
             Mangled by an ogre
             ... wielding a +0 giant club
              (17 damage)
             ... on level 4 of the Dungeon.
             The game lasted 00:05:21 (3672 turns).

moldycheese5 the Skirmisher (DsAK)                  Turns: 3672, Time: 00:05:22

Health: -13/49     AC: 10    Str: 16    XL:     6   Next: 59%
Magic:  8/8        EV:  7    Int: 13    God:    Lugonu [**....]
Gold:   123        SH:  0    Dex: 13    Spells: 5/5 levels left

rFire   . . .      SeeInvis .   a - +1 falchion
rCold   . . .      Faith    .   (no shield)
rNeg    . . .      Spirit   .   q - +0 chain mail
rPois   .          Reflect  .   (no helmet)
rElec   .          Harm     .   j - +0 cloak
rCorr   .          Rampage  .   (no gloves)
Will    .....                   (no boots)
Stlth   ..........              (no amulet)
HPRegen 0.16/turn               (no ring)
MPRegen 0.11/turn               (no ring)

@: flying
A: hooves 2, spiny 1, big brain 1
a: Renounce Religion, Depart the Abyss, Bend Space


You were on level 4 of the Dungeon.
You worshipped Lugonu.
Lugonu was pleased with you.
You visited 1 branch of the dungeon, and saw 4 of its levels.
You visited the Abyss 1 time.

You collected 123 gold pieces.

Inventory:

Hand Weapons
 a - a +1 falchion (weapon)
Missiles
 e - 2 throwing nets
Armour
 b - a +0 leather armour
 j - a +0 cloak (worn)
 q - a +0 chain mail (worn)
Wands
 k - a wand of flame (16)
Scrolls
 c - a scroll of fear {unknown}
 f - 2 scrolls of identify {unknown}
 h - 2 scrolls of fog {unknown}
 i - a scroll of immolation {unknown}
 n - a scroll of torment {unknown}
Potions
 d - 3 potions of resistance {unknown}
 g - 2 potions of mutation {unknown}
 l - a potion of haste {unknown}
 m - a potion of ambrosia {unknown}
 o - a potion of curing {unknown}
 p - a potion of flight


   Skills:
 + Level 4.6 Fighting
 + Level 4.3 Long Blades
 + Level 2.8 Armour
 + Level 1.4 Dodging
 + Level 1.6 Stealth
 + Level 2.9 Invocations


You had 5 spell levels left.
You didn't know any spells.
Your spell library was empty.

Dungeon Overview and Level Annotations

Branches:
Dungeon (4/15)
 Temple: D:4-7

Altars:
Kikubaaqudgha

Shops:
D:3 [


Innate Abilities, Weirdness & Mutations

You have hoof-like feet.
You are partially covered in sharp spines.
You have an unusually large brain. (Int +2)


Message History

The endoplasm is heavily wounded.
The endoplasm freezes you.
You are frozen.
You completely miss the endoplasm.
The endoplasm is heavily wounded.
The endoplasm is struck by your spines.
The endoplasm hits you but does no damage.
You slash the endoplasm!
You kill the endoplasm!
Lugonu accepts your kill.
No target in view!
You start resting.
An ogre comes into view. It is wielding a +0 giant spiked club.
Found 5 poisoned darts and 12 gold pieces.
The ogre shouts!
An ogre comes into view. It is wielding a +0 giant club.
The ogre shouts!
There is an open door here.
A goblin comes into view. It is wielding a +0 club.
You hit the ogre. You kick the ogre.
The ogre is lightly wounded.
The ogre hits you with a +0 giant spiked club!
You slash the ogre!
The ogre is heavily wounded.
The ogre hits you but does no damage.
You hit the ogre. You kick the ogre.
The ogre is severely wounded.
You hit the ogre. You kick the ogre.
The ogre is almost dead.
The ogre is struck by your spines.
The ogre hits you with a +0 giant spiked club.
The ogre hits you with a +0 giant club!!
* * * LOW HITPOINT WARNING * * *
You are too injured to fight recklessly!
There is an open door here.
It was a potion of flight.
You feel very buoyant.
You fly up into the air.
The ogre barely misses you. The ogre hits you with a +0 giant club!
You die...

#.# ###'#..... ..#
#†#####.... ###
#.......... #..
#..####... #.# #).#....#
#.# #..#....# #.# ###
#..#....# ..# ....
#..#g...# ..#.....
#..@O...+ ..#.....
.....#.#O...# ........
.......#........
........$.(.......#####..
....#######.#.....# .
....# #.#.#...# ....# #
#.#...# ....# #.#...#
#####


You could see 2 ogres and a goblin.

Vanquished Creatures
  An ogre (D:4)
  A scorpion (D:4)
  An orc priest (D:3)
  A bullfrog skeleton (D:3)
  Natasha (thrice) (D:2)
  4 gnolls (D:3)
  An adder (D:3)
  4 worms
  3 dart slugs
  4 orcs (D:3)
  8 ball pythons
  4 endoplasms
  7 hobgoblins
  12 jackals
  A kobold (D:2)
  4 quokkas
  8 bats
  3 frilled lizards (D:1)
  3 goblins
  4 rats
77 creatures vanquished.

Notes
Turn   | Place    | Note
-------+----------+-------------------------------------------
     0 | Abyss:1  | moldycheese5 the Demonspawn Abyssal Knight began the quest
                  | for the Orb.
     0 | Abyss:1  | Reached XP level 1. HP: 18/18 MP: 2/2
     0 | D:1      | Escaped the Abyss
   163 | D:1      | Reached * piety under Lugonu
   179 | D:1      | Gained mutation: You have large cloven feet. [demonic
                  | ancestry]
   179 | D:1      | Reached XP level 2. HP: 15/24 MP: 3/3
   988 | D:2      | Reached XP level 3. HP: 22/30 MP: 5/5
  1208 | D:2      | Noticed Natasha
  1215 | D:2      | Killed Natasha
  1216 | D:2      | Reached skill level 1 in Dodging
  1490 | D:2      | Gained mutation: You are partially covered in sharp spines.
                  | [demonic ancestry]
  1490 | D:2      | Reached XP level 4. HP: 14/37 MP: 6/6
  1885 | D:2      | Noticed Natasha
  1890 | D:2      | Killed Natasha
  1937 | D:2      | Noticed Natasha
  1946 | D:2      | Killed Natasha
  2185 | D:3      | Reached ** piety under Lugonu
  2186 | D:3      | Reached skill level 1 in Stealth
  2186 | D:3      | Gained mutation: You have an unusually large brain. (Int
                  | +2) [demonic ancestry]
  2186 | D:3      | Reached XP level 5. HP: 40/42 MP: 7/7
  2427 | D:3      | Found Toqi's Armour Boutique.
  2439 | D:3      | HP: 2/42 [gnoll/+0 flail (4)]
  2919 | D:3      | Found an ancient bone altar of Kikubaaqudgha.
  3038 | D:3      | Gained mutation: You have hoof-like feet. [demonic
                  | ancestry]
  3038 | D:3      | Reached XP level 6. HP: 49/49 MP: 8/8
  3080 | D:3      | Found a faded altar of an unknown god.
  3672 | D:4      | Mangled by an ogre

Illustrated notes

Levels and vault maps discovered:
D:1:      psy_arrival_basics, layout_rooms
D:2:      layout_basic, uniq_natasha
D:3:      layout_loops_cross, nicolae_kikubaaqudgha_miasma_corner,
          ebering_ecumenical_altar_rust, serial_shops,
          nicolae_shop_advertising_works [nicolae_subvault_shop_adworks]
D:4:      layout_basic

Skill      XL: |  1  2  3  4  5  6 |
---------------+-------------------+-----
Armour         | 2 |  2.8
Long Blades    | 2 3 4 |  4.3
Dodging        | 1 |  1.4
Stealth        | 1 |  1.6
Fighting       | 4 |  4.6
Invocations    | |  2.9

Action                   |  1- 3 |  4- 6 || total
-------------------------+-------+-------++-------
Melee: Falchion          |    93 |    84 ||   177
       Kick              |    13 |    31 ||    44
       Punch             |     1 |     4 ||     5
Invok: Depart the Abyss  |     1 |       ||     1
  Use: Potion            |       |     1 ||     1
 Stab: Sleeping          |     2 |     2 ||     4
Armor: Leather armour    |    41 |    10 ||    51
       Chain mail        |       |     6 ||     6
Dodge: Dodged            |    64 |    32 ||    96
